 Dungeon Crawl Stone Soup version 0.22-a0-157-g169b76a (webtiles) character file.

1139 MatthieuS the Destroyer (level 8, -13/46 HPs)
             Began as a Tengu Conjurer on Feb 8, 2018.
             Mangled by Duvessa
             ... wielding a +4 short sword
              (17 damage)
             ... on level 5 of the Dungeon.
             The game lasted 00:19:08 (4745 turns).

MatthieuS the Destroyer (Tengu Conjurer)            Turns: 4745, Time: 00:19:08

Health: -13/46     AC:  3    Str:  9    XL:     8   Next: 37%
Magic:  1/15       EV: 14    Int: 18    God:
Gold:   30         SH:  0    Dex: 14    Spells: 5/15 levels left

rFire    . . .     SeeInvis .   A - +0 hunting sling
rCold    . . .     Gourm    .   (no shield)
rNeg     . . .     Faith    .   u - +0 leather armour
rPois    .         Spirit   .   (helmet restricted)
rElec    .         Reflect  .   (no cloak)
rCorr    .         Harm     .   (no gloves)
MR       .....                  (boots unavailable)
Stlth    +++.......             (no amulet)
HPRegen  0.15/turn              s - +5 ring of slaying
MPRegen  0.14/turn              (no ring)

@: no status effects
A: beak, talons 3, able to fly 1
a: Fly


You were on level 5 of the Dungeon.
You were not hungry.

You visited 2 branches of the dungeon, and saw 6 of its levels.

You collected 170 gold pieces.
You spent 140 gold pieces at shops.

Inventory:

Hand Weapons
 A - a +0 hunting sling (weapon)
Missiles
 e - 211 stones (quivered)
 j - 68 sling bullets
Armour
 a - a +0 robe
 u - a +0 leather armour (worn)
 y - a +0 ring mail
Jewellery
 s - a +5 ring of slaying (left hand)
Wands
 w - a wand of iceblast (5)
Scrolls
 h - 2 scrolls of fog {unknown}
 i - 7 scrolls of identify {unknown}
 k - 3 scrolls of amnesia {unknown}
 l - 2 scrolls of remove curse {unknown}
 n - 2 scrolls of enchant weapon {unknown}
 o - a scroll of magic mapping {unknown}
 p - a scroll of fear {unknown}
 r - a scroll of blinking {unknown}
 v - a scroll of teleportation {unknown}
Potions
 d - 3 potions of brilliance
 g - a potion of degeneration {unknown}
 m - a potion of ambrosia {unknown}
 q - a potion of flight {unknown}
 t - a potion of curing {unknown}
 x - a potion of berserk rage {unknown}
Books
 b - a book of Conjurations

   Spells                             Type                      Level
   a - Magic Dart                     Conjuration                  1
   b - Searing Ray                    Conjuration                  2
   c - Dazzling Spray                 Conjuration/Hexes            3
   d - Fulminant Prism                Conjuration/Hexes            4
   e - Force Lance                    Conjuration/Translocation    4
   f - Iskenderun's Mystic Blast      Conjuration                  4
Comestibles
 c - 7 rations


   Skills:
 + Level 3.3 Fighting
 + Level 2.8 Armour
 + Level 4.8 Dodging
 + Level 4.8 Stealth
 + Level 4.1 Spellcasting
 + Level 8.1 Conjurations


You had 5 spell levels left.
You knew the following spells:

 Your Spells              Type           Power        Failure   Level  Hunger
a - Magic Dart            Conj           ####         1%          1    None
b - Searing Ray           Conj           ####..       1%          2    ##.....
c - Dazzling Spray        Conj/Hex       ###...       11%         3    ###....
d - Iskenderun's Mystic   Conj           ####....     7%          4    ####...


Dungeon Overview and Level Annotations

Branches:
Dungeon (5/15)             Temple (1/1) D:5

Altars:
Dithmenos
Fedhas
Hepliaklqana
Kikubaaqudgha
Nemelex Xobeh
Okawaru
Ru
Sif Muna
Trog
Uskayaw
Wu Jian
Xom
Yredelemnul
The Shining One
Lugonu

Shops:
D:4 }

Annotations:
D:5 Duvessa


Innate Abilities, Weirdness & Mutations

You have a beak for a mouth.
You have claws for feet.
You can fly.


Message History

The magic dart hits Duvessa.
Duvessa is almost dead.
Duvessa closely misses you.
Duvessa hits you with an enchanted short sword!
* * * LOW HITPOINT WARNING * * *
Okay, then.
Okay, then.
Evoke which item? (* to show all) (? for menu, Esc to quit)
Aiming: Iceblast
Press: ? - help, Shift-Dir - straight line, f/p - Duvessa
Aim: Duvessa, wielding an enchanted short sword and wearing a ring mail (almost dead, berserk, fast, unusually strong)
Okay, then.
Firing (i - inventory. (/) - cycle)
e - 212 stones (quivered)
Press: ? - help, Shift-Dir - straight line, f/p - Duvessa
Aim: Duvessa, wielding an enchanted short sword and wearing a ring mail (almost dead, berserk, fast, unusually strong)
You shoot a stone. The stone hits Duvessa.
Duvessa is almost dead.
Duvessa closely misses you.
Duvessa hits you with an enchanted short sword!
You die...

.#.#...#......... .
.#.#...##.......#####..
...'...##..............
##.#...##..............
##.#...##.............>
.#.#...##..............
.#.#...##......J#
.#.#..........le#######
.#.##...........@.....#
.#.##.................#
.#. #.###.............#
.#.##.# ######.#......#
.#....########'##...#####
.#..........#............
.##.........#............
.##.........#............
.##...####...............


You could see Duvessa (berserk), an iguana and an ooze.

Vanquished Creatures
  Sigmund (D:4)
  An orc warrior (D:5)
  2 sky beasts
  2 ogres (D:4)
  Dowan (D:5)
  2 crimson imps
  A hound (D:4)
  2 orc priests
  An orc wizard (D:4)
  A centaur skeleton (D:5)
  Ijyb (D:4)
  2 worker ants (D:4)
  A hound skeleton (D:5)
  A worker ant zombie (D:5)
  A howler monkey skeleton (D:5)
  7 adders
  A shadow imp (D:4)
  2 oozes
  2 worms
  3 dart slugs
  2 leopard geckos
  13 orcs
  5 giant cockroaches
  6 goblins
  13 hobgoblins
  11 kobolds
  3 ball pythons
  5 bats
  2 frilled lizards (D:2)
  8 rats
103 creatures vanquished.

Vanquished Creatures (others)
  A plant (D:1)
1 creature vanquished.

Grand Total: 104 creatures vanquished

Notes
Turn   | Place    | Note
-------+----------+-------------------------------------------
     0 | D:1      | MatthieuS the Tengu Conjurer began the quest for the Orb.
     0 | D:1      | Reached XP level 1. HP: 10/10 MP: 4/4
    63 | D:1      | Reached XP level 2. HP: 15/15 MP: 4/6
    70 | D:1      | Learned a level 2 spell: Searing Ray
   442 | D:1      | Reached XP level 3. HP: 15/19 MP: 0/7
   867 | D:2      | Reached skill level 6 in Conjurations
   910 | D:2      | Found a shadowy altar of Dithmenos.
   925 | D:2      | Found a sparkling altar of Nemelex Xobeh.
  1161 | D:2      | Learned a level 3 spell: Dazzling Spray
  1302 | D:2      | Reached XP level 4. HP: 24/24 MP: 6/8
  1440 | D:2      | Found a glowing golden altar of the Shining One.
  1442 | D:2      | Noticed an angel
  1513 | D:2      | Found a basalt altar of Yredelemnul.
  1833 | D:4      | Gained mutation: You can fly. [Tengu growth]
  1833 | D:4      | Reached XP level 5. HP: 28/28 MP: 2/10
  2067 | D:3      | Found a faded altar of an unknown god.
  2497 | D:4      | Found Didoileaq's Gadget Shoppe.
  2524 | D:4      | Noticed an ogre
  2530 | D:4      | Killed an ogre
  2530 | D:4      | Reached skill level 1 in Fighting
  2530 | D:4      | Reached skill level 7 in Conjurations
  2530 | D:4      | Reached XP level 6. HP: 34/34 MP: 2/11
  2605 | D:4      | Learned a level 4 spell: Iskenderun's Mystic Blast
  2624 | D:4      | Noticed Ijyb
  2634 | D:4      | Killed Ijyb
  2987 | D:4      | Noticed Sigmund
  3002 | D:4      | Killed Sigmund
  3002 | D:4      | Reached skill level 1 in Armour
  3002 | D:4      | Reached XP level 7. HP: 22/40 MP: 1/13
  3764 | D:5      | Entered Level 5 of the Dungeon
  3882 | D:4      | Bought a wand of iceblast (10) for 140 gold pieces
  3907 | D:5      | Reached XP level 8. HP: 45/45 MP: 10/14
  3969 | D:5      | Found an ancient bone altar of Kikubaaqudgha.
  4002 | D:5      | Reached skill level 8 in Conjurations
  4075 | D:5      | Found a staircase to the Ecumenical Temple.
  4084 | Temple   | Entered the Ecumenical Temple
  4491 | D:5      | Noticed Dowan
  4492 | D:5      | Noticed Duvessa
  4524 | D:5      | Killed Dowan
  4745 | D:5      | Mangled by Duvessa

Vault maps used:
D:1:      minmay_arrival_doors, lexackson_kobold_supper
D:2:      grunt_temple_overflow_holy_war,
          chequers_temple_overflow_statue_of_worship, first_ration
D:3:      serial_glass, glass_columns_b, glass_columns_a,
          chequers_ecumenical_altar_lobes
D:4:      serial_shops, shop, uniq_sigmund, uniq_ijyb
D:5:      kennysheep_mini_moat, nicolae_overflow_hidden_temple, temple_statues,
          uniq_duvessa
Temple:   kb_corrupted_temple

Skill      XL: |  1  2  3  4  5  6  7  8 |
---------------+-------------------------+-----
Conjurations   | 6 7 8 |  8.1
Dodging        | 3 4 |  4.8
Stealth        | 3 4 |  4.8
Fighting       | 1 2 3 |  3.3
Spellcasting   | 3 4 |  4.1
Armour         | 1 2 |  2.8

Action                   |  1- 3 |  4- 6 |  7- 9 || total
-------------------------+-------+-------+-------++-------
Melee: Unarmed           |    17 |    27 |       ||    44
       Kick              |     5 |     8 |       ||    13
       Peck              |     1 |     4 |       ||     5
 Fire: Hunting sling     |       |       |    17 ||    17
Throw: Stone             |     2 |       |       ||     2
 Cast: Magic Dart        |    79 |    77 |    46 ||   202
       Searing Ray       |       |     7 |     1 ||     8
       Dazzling Spray    |       |     7 |    10 ||    17
       Iskenderun's Myst |       |       |     2 ||     2
 Abil: Fly               |       |       |     1 ||     1
Evoke: Wand              |       |       |    12 ||    12
  Use: Potion            |       |     3 |     1 ||     4
  Eat: Chunk             |     2 |     7 |     1 ||    10
       Ration            |       |       |     2 ||     2
Armor: Robe              |     3 |     1 |       ||     4
       Leather armour    |       |     4 |     7 ||    11
       Ring mail         |       |     2 |       ||     2
Dodge: Dodged            |    19 |    32 |    40 ||    91

Table legend:
 A = Spawn XP
 B = Non-spawn XP
 C = Spawn XP percentage of total XP
 D = Spawn monster count
 E = Non-spawn monster count
 F = Spawn count percentage of total count
 G = Total turns spent on level
                    A         B        C        D         E        F      G
               +---------+---------+-------+---------+---------+-------+---------
         Total |       0 |    1628 |   0.0 |       0 |     103 |   0.0 |  4745
               +---------+---------+-------+---------+---------+-------+---------
           D:1 |       0 |      40 |   0.0 |       0 |      20 |   0.0 |   694
           D:2 |       0 |      52 |   0.0 |       0 |      25 |   0.0 |   877
           D:3 |       0 |     232 |   0.0 |       0 |      27 |   0.0 |   927
           D:4 |       0 |     770 |   0.0 |       0 |      15 |   0.0 |  1366
           D:5 |       0 |     534 |   0.0 |       0 |      16 |   0.0 |   783
               +---------+---------+-------+---------+---------+-------+---------
